 Dungeon Crawl Stone Soup version 0.29-a0-1027-gcd8c55af63 (webtiles) character file.

Game seed: 10130841086866865914

99 wingedge the Digger (level 5, -1/38 HPs)
             Began as a Human Wanderer on Aug 12, 2022.
             Slain by an orc
             ... wielding a +0 flail
              (6 damage)
             ... on level 3 of the Dungeon.
             The game lasted 00:15:07 (2154 turns).

wingedge the Digger (Human Wanderer)                Turns: 2154, Time: 00:15:09

Health: -1/38      AC:  4    Str:  7    XL:     5   Next: 2%
Magic:  2/7        EV: 11    Int: 21    God:
Gold:   27         SH:  0    Dex: 14    Spells: 2/7 levels left

rFire   . . .      SeeInvis .   a - +0 falchion
rCold   . . .      Faith    .   (no shield)
rNeg    . . .      Spirit   .   d - +0 robe
rPois   .          Reflect  .   b - +0 helmet
rElec   +          Harm     .   o - +0 cloak "Ziblia" {rElec Str-4 Int+7 Slay-3}
rCorr   .          Rampage  .   (no gloves)
Will    .....                   (no boots)
Stlth   ++........              (no amulet)
HPRegen 0.12/turn               i - ring of wizardry
MPRegen 0.10/turn               (no ring)

@: no status effects
A: no striking features
a: no special abilities


You were on level 3 of the Dungeon.
You visited 1 branch of the dungeon, and saw 3 of its levels.

You collected 27 gold pieces.

Inventory:

Hand Weapons
 a - a +0 falchion (weapon)
Missiles
 g - 4 javelins
Armour
 b - a +0 helmet (worn)
 d - a +0 robe (worn)
 o - the +0 cloak "Ziblia" (worn) {rElec Str-4 Int+7 Slay-3}
   (You found it on level 2 of the Dungeon)

   Str:       It affects your strength (-4).
   Int:       It affects your intelligence (+7).
   Slay:      It affects your accuracy & damage with ranged weapons and melee
   (-3).
   rElec:     It insulates you from electricity.
Magical Staves
 e - a staff of air
Jewellery
 i - a ring of wizardry (left hand)
Scrolls
 c - a scroll of teleportation
 k - a scroll of identify {unknown}
 p - 2 scrolls of poison {unknown}
 q - a scroll of blinking {unknown}
 r - a scroll of silence {unknown}
Potions
 f - a potion of curing {unknown}
 h - a potion of flight {unknown}
 j - a potion of resistance {unknown}
 l - a potion of brilliance {unknown}
 m - a potion of heal wounds {unknown}
 n - a potion of invisibility {unknown}


   Skills:
 - Level 2.0 Fighting
 - Level 3.0 Long Blades
 - Level 1.0 Dodging
 - Level 3.0 Stealth
 + Level 1.8 Spellcasting
 - Level 1.0 Hexes
 - Level 4.0 Earth Magic


You had 2 spell levels left.
You knew the following spells:

 Your Spells              Type           Power      Damage    Failure   Level
a - Sandblast             Erth           36%        2d10      1%          1
b - Leda's Liquefaction   Hex/Erth       6%         N/A       21%         4

Your spell library contained the following spells:

 Spells                   Type           Power      Damage    Failure   Level
 Passwall                 Tmut/Erth      8%         N/A       4%          2
 Ozocubu's Armour         Ice            1%         N/A       17%         3
 Ozocubu's Refrigeration  Ice            0%         4d7       100%        7


Dungeon Overview and Level Annotations

Branches:
Dungeon (3/15)

Altars:


Message History

Press: ? - help, Shift-Dir - straight line, f/p - orc
Aim: an orc, wielding a +0 mace (severely wounded, 82% to hit)
The blast of sand hits the orc.
You kill the orc!
The orc priest mumbles some strange prayers to Beogh against you.
Beogh smites you!
You hear a shout! x2
Casting: Sandblast (safe; 1% risk of failure)
Confirm with . or Enter, or press ? or * to list all spells.
Aiming: Sandblast (safe; 1% risk of failure)
Press: ? - help, Shift-Dir - straight line, f - orc priest
Aim: an orc priest, wielding a +0 hand axe (82% to hit)
The blast of sand hits the orc priest!
The orc priest is almost dead.
An orc comes into view. It is wielding a +0 war axe.
The orc priest mumbles some strange prayers to Beogh against you.
Pain shoots through your body!
* * * LOW HITPOINT WARNING * * *
An orc comes into view.
It is wielding a +0 flail and quivering silver boomerangs.
The orc priest hits you but does no damage.
Casting: Sandblast (safe; 1% risk of failure)
Confirm with . or Enter, or press ? or * to list all spells.
Aiming: Sandblast (safe; 1% risk of failure)
Press: ? - help, Shift-Dir - straight line, f/p - orc priest
Aim: an orc priest, wielding a +0 hand axe (almost dead, 82% to hit)
The blast of sand hits the orc priest.
The orc priest is almost dead.
The orc priest hits you with a +0 hand axe.
* * * LOW HITPOINT WARNING * * *
The orc priest hits you with a +0 hand axe.
* * * LOW HITPOINT WARNING * * *
Casting: Sandblast (safe; 1% risk of failure)
Confirm with . or Enter, or press ? or * to list all spells.
Aiming: Sandblast (safe; 1% risk of failure)
Press: ? - help, Shift-Dir - straight line, f/p - orc priest
Aim: an orc priest, wielding a +0 hand axe (almost dead, 82% to hit)
The blast of sand hits the orc priest.
You kill the orc priest!
The orc hits you with a +0 flail.
You die...

#.############ ####
.....oo@.....# #...
#.##.#######.# #.##
........# #.#
#######.# #.# #.#
####.## #.# #......
#.# #.##.##
..#######.# #.##.#.
..........#####.##.#.


You could see 2 orcs.

Vanquished Creatures
  An orc priest (D:3)
  5 adders (D:2)
  A worm (D:2)
  A dart slug (D:3)
  An orc (D:3)
  3 bats
  4 endoplasms
  5 giant cockroaches
  5 goblins
  5 hobgoblins
  A quokka (D:2)
  6 ball pythons
  4 frilled lizards
  3 kobolds
  4 rats (D:1)
49 creatures vanquished.

Notes
Turn   | Place    | Note
-------+----------+-------------------------------------------
     0 | D:1      | wingedge the Human Wanderer began the quest for the Orb.
     0 | D:1      | wingedge set off with the following items: a +0 falchion, a
                  | +0 helmet, a scroll of teleportation, a +0 robe; and the
                  | following spell memorised: Sandblast; and the following
                  | spells available to memorise: Passwall, Leda's
                  | Liquefaction.
     0 | D:1      | Reached XP level 1. HP: 13/13 MP: 2/2
   152 | D:1      | Reached XP level 2. HP: 19/19 MP: 1/3
   503 | D:1      | Reached skill level 4 in Earth Magic
   503 | D:1      | Reached XP level 3. HP: 24/24 MP: 2/4
   749 | D:2      | Reached skill level 1 in Fighting
  1007 | D:2      | Reached XP level 4. HP: 33/33 MP: 2/5
  1052 | D:2      | Learned a level 4 spell: Leda's Liquefaction
  1451 | D:2      | Identified the +0 cloak "Ziblia" {rElec Str-4 Int+7 Slay-3}
  1926 | D:2      | Reached skill level 1 in Hexes
  1942 | D:2      | Reached skill level 1 in Dodging
  2102 | D:3      | Reached XP level 5. HP: 38/38 MP: 3/7
  2154 | D:3      | Slain by an orc

Illustrated notes

Levels and vault maps discovered:
D:1:      shiori_arrival_whats_in_store_for_you, layout_rooms
D:2:      layout_basic
D:3:      layout_basic, nicolae_ru_sacrificial_ziggurat, uniq_pargi

Skill      XL: |  1  2  3  4 |
---------------+-------------+-----
Earth Magic    | 4 |  4.0
Fighting       | 2 |  2.0
Hexes          | 1 |  1.0
Dodging        | 1 |  1.0
Long Blades    | |  3.0
Stealth        | |  3.0
Spellcasting   | |  1.8

Action                   |  1- 3 |  4- 6 || total
-------------------------+-------+-------++-------
Melee: Falchion          |    34 |       ||    34
       Punch             |     1 |       ||     1
 Cast: Sandblast         |    32 |    39 ||    71
Armor: Robe              |    12 |     7 ||    19
Dodge: Dodged            |    29 |     6 ||    35

Table legend: (Time is in decaauts)
 A = Elapsed time spent in this place.
 B = Non-inter-level travel time spent in this place.
 C = Inter-level travel time spent in this place.
 D = Time resting spent in this place.
 E = Time spent auto-exploring this place.
 F = Levels seen in this place.
 G = Mean time per level.
                   A        B        C        D        E       F      G
               +--------+--------+--------+--------+--------+-----+--------+
         Total |   2228 |   2049 |    179 |    721 |      0 |   3 |  742.7 |
       Dungeon |   2228 |   2049 |    179 |    721 |      0 |   3 |  742.7 |
               +--------+--------+--------+--------+--------+-----+--------+

Top non-repeatable levels by time:
     D:2: 1332 daAuts
     D:1: 755 daAuts
     D:3: 140 daAuts
